[Event "Titled Tuesday Blitz May 30 Early 2023"]
[White "Baghdasaryan, Vahe"]
[Black "Srdanovic, Jovana"]
[WhiteFideId "13303139"]
[BlackFideId "954810"]
[WhiteElo "2216"]
[BlackElo "2169"]
[Result "1/2-1/2"]
[Round "07"]
[TimeControl "180+2"]
[Date "2023.05.30"]
[WhiteClock "0:00:14"]
[BlackClock "0:00:13"]

1. d4 a6 2. e4 c6 3. c4 d5 4. exd5 cxd5 5. Nc3 Nf6 6. Nf3 g6 7. Qb3 Bg7 8. cxd5 O-O 9. Be2 b5 10. a4 bxa4 11. Rxa4 Nbd7 12. O-O Nb6 13. Ra5 Rb8 14. Qa2 Bb7 15. Bxa6 Bxd5 16. Nxd5 Nbxd5 17. Bd2 Nb4 18. Bxb4 Rxb4 19. Bc4 Qb8 20. Bxf7+ Kh8 21. b3 Qf4 22. Ra8 Rbb8 23. Rxb8 Qxb8 24. Bc4 Ng4 25. h3 Rxf3 26. hxg4 Bxd4 27. Bd5 Rf4 28. Qe2 Qa7 29. Qe6 Rf8 30. g5 Bxf2+ 31. Kh1 Qd4 32. Rxf2 Qh4+ 33. Qh3 Qxh3+ 34. gxh3 Rxf2 35. Kg1 Rd2 36. Bc4 Kg7 37. Kh1 h6 38. gxh6+ Kxh6 39. Kg1 Kh5 40. Be6 g5 41. Kf1 Kh4 42. Ke1 Rb2 43. Kd1 Kg3 44. Kc1 Rxb3 45. Bxb3 Kxh3 46. Be6+ g4 47. Kd2 Kg3 48. Ke3 Kh4 49. Bxg4 Kxg4 50. Ke4 e5 51. Kxe5 1/2-1/2


[Site "https://www.chess.com"]

[Event "Titled Tuesday Blitz May 30 Early 2023"]
[White "Mazurkiewicz, Michal"]
[Black "Gontcharov, Vladislav"]
[WhiteFideId "1124943"]
[BlackFideId "4123492"]
[WhiteElo "2054"]
[BlackElo "2420"]
[Result "0-1"]
[Round "07"]
[TimeControl "180+2"]
[Date "2023.05.30"]
[WhiteClock "0:00:00"]
[BlackClock "0:00:24"]

1. e4 e6 2. d3 d5 3. Nd2 Nf6 4. Ngf3 c5 5. g3 Nc6 6. Bg2 g6 7. O-O Bg7 8. Re1 O-O 9. Qe2 b5 10. h4 Rb8 11. Nf1 Nd4 12. Nxd4 cxd4 13. Bf4 Rb6 14. e5 Nh5 15. Bd2 f5 16. f4 Rc6 17. Bb4 Re8 18. Bf3 Qc7 19. Rac1 Qf7 20. Bxh5 gxh5 21. Nd2 Kh8 22. Nf3 Qg6 23. Kh2 Bh6 24. Nxd4 Rb6 25. Rg1 Rg8 26. Be7 Bg7 27. b4 Qf7 28. Bc5 Rb7 29. a4 bxa4 30. Ra1 Bd7 31. b5 Bxb5 32. Rgb1 a6 33. c4 dxc4 34. dxc4 Rc7 35. cxb5 Rxc5 36. b6 Qd7 37. b7 Rb8 38. Rb4 Rd5 39. Rc1 Bf8 40. Rbc4 Qxb7 41. Qxh5 Rxd4 42. Rxd4 Qb2+ 0-1


[Site "https://www.chess.com"]

[Event "Titled Tuesday Blitz May 30 Early 2023"]
[White "Roberson, Peter T"]
[Black "ChawitAp"]
[WhiteFideId "412384"]
[WhiteElo "2346"]
[BlackElo "2420"]
[Result "1-0"]
[Round "07"]
[TimeControl "180+2"]
[Date "2023.05.30"]
[WhiteClock "0:00:08"]
[BlackClock "0:00:07"]

1. e4 c6 2. d4 d5 3. Nd2 dxe4 4. Nxe4 Nf6 5. Nxf6+ exf6 6. c3 Bf5 7. Qb3 Qc7 8. Bf4 Qb6 9. Bc4 Qxb3 10. axb3 Nd7 11. Ne2 Be7 12. b4 O-O 13. b5 Nb6 14. bxc6 Nxc4 15. cxb7 Rad8 16. b8=Q Rxb8 17. Bxb8 Rxb8 18. Rxa7 Bd6 19. b4 Bd3 20. Nc1 Bc2 21. O-O Nd2 22. Re1 Nb1 23. Rd7 Bf4 24. g3 Bd2 25. Ree7 Bxc1 26. Rxf7 Bh6 27. Rb7 Rxb7 28. Rxb7 Nxc3 29. Rc7 Ne2+ 30. Kg2 Nxd4 31. b5 Be4+ 32. f3 Nxf3 33. Kf2 Ne5 34. b6 Bd2 35. b7 Bxb7 36. Rxb7 Bh6 37. Ra7 Kf8 38. Kg2 Kg8 39. Kh3 Kf8 40. Kg2 Be3 41. Rb7 Bg5 42. h4 Bh6 43. Kh3 f5 44. Rb5 Ng6 45. Rxf5+ Ke7 46. g4 Nf4+ 47. Kg3 g6 48. Ra5 Ne6 49. Ra7+ Kf6 50. g5+ Nxg5 51. hxg5+ Kxg5 52. Rxh7 Kh5 53. Kh3 g5 54. Rh8 Kg6 55. Kg4 Bg7 56. Rc8 Bf6 57. Rc6 Kg7 58. Kf5 Bd8 59. Rd6 Be7 60. Rd7 Kf8 61. Ke6 g4 62. Rxe7 g3 63. Ra7 g2 64. Ra1 Kg7 65. Rg1 Kg6 66. Rxg2+ Kh5 67. Kf5 Kh4 68. Rg8 Kh3 69. Kf4 1-0


[Site "https://www.chess.com"]

[Event "Titled Tuesday Blitz May 30 Early 2023"]
[White "Estrada Nieto, Julian"]
[Black "Belov, Alexei"]
[WhiteFideId "5101018"]
[BlackFideId "4128206"]
[WhiteElo "2161"]
[BlackElo "2551"]
[Result "1-0"]
[Round "07"]
[TimeControl "180+2"]
[Date "2023.05.30"]
[WhiteClock "0:00:16"]
[BlackClock "0:00:04"]

1. e4 e6 2. d4 d5 3. Nd2 Nf6 4. e5 Nfd7 5. Bd3 c5 6. c3 Nc6 7. Ne2 f6 8. exf6 Nxf6 9. Nf3 Bd6 10. O-O Qc7 11. Bg5 O-O 12. Bh4 Bd7 13. Bg3 b6 14. Re1 Rae8 15. Bxd6 Qxd6 16. Ng3 e5 17. dxe5 Nxe5 18. Nxe5 Rxe5 19. Qd2 Rfe8 20. Rxe5 Qxe5 21. h3 d4 22. Bc4+ Kh8 23. cxd4 cxd4 24. Rd1 Bc6 25. Qxd4 Qg5 26. Qd6 Ba8 27. Bf7 Ne4 28. Nxe4 Bxe4 29. Qg3 Qxg3 30. fxg3 Rc8 31. Re1 Bg6 32. Bxg6 hxg6 33. Re7 Rc2 34. Rxa7 Rxb2 35. g4 g5 36. Kh2 Kh7 37. Kg3 Kh6 38. Ra8 b5 39. Ra5 b4 40. Rb5 Rxa2 41. Rxb4 Ra3+ 42. Kh2 g6 43. Re4 Rb3 44. Re1 Ra3 45. Rf1 Rb3 46. Rf3 Rb2 47. Kg3 Ra2 48. Rf7 Ra3+ 49. Rf3 Ra2 50. Rf2 Ra3+ 51. Kh2 Ra1 52. g3 Ra3 53. Kg2 Ra4 54. Re2 Rb4 55. Kf3 Rb3+ 56. Re3 Rb4 57. h4 gxh4 58. gxh4 Ra4 59. Re7 Ra3+ 60. Kf4 Ra4+ 61. Re4 Ra1 62. Re7 Rf1+ 63. Kg3 Rg1+ 64. Kf3 Rf1+ 65. Kg2 Rf8 66. g5+ Kh5 67. Kg3 Rh8 68. Rg7 1-0


[Site "https://www.chess.com"]

[Event "Titled Tuesday Blitz May 30 Early 2023"]
[White "Kaganskiy, Gleb"]
[Black "Gheorghiu, Calin"]
[WhiteFideId "4132025"]
[BlackFideId "1200305"]
[WhiteElo "2165"]
[BlackElo "2223"]
[Result "0-1"]
[Round "07"]
[TimeControl "180+2"]
[Date "2023.05.30"]
[WhiteClock "0:01:11"]
[BlackClock "0:01:01"]

1. e4 Nf6 2. Nc3 e5 3. Nf3 Nc6 4. d4 exd4 5. Nxd4 Bb4 6. Nxc6 bxc6 7. Bd3 d5 8. Bd2 O-O 9. O-O a5 10. a3 Bd6 11. Re1 Re8 12. Bg5 Be5 13. exd5 cxd5 14. Nxd5 Qxd5 15. Bxf6 Bb7 16. Qg4 Bxf6 17. Rxe8+ Rxe8 18. Qh3 g6 19. Qh6 Bxb2 20. Rb1 Qxg2# 0-1


[Site "https://www.chess.com"]

[Event "Titled Tuesday Blitz May 30 Early 2023"]
[White "WindWhistler11"]
[Black "Harriott, Tyrell"]
[BlackFideId "2086484"]
[WhiteElo "2543"]
[BlackElo "2107"]
[Result "1-0"]
[Round "07"]
[TimeControl "180+2"]
[Date "2023.05.30"]
[WhiteClock "0:00:02"]
[BlackClock "0:00:00"]

1. e4 d5 2. exd5 Nf6 3. d4 Qxd5 4. Nc3 Qa5 5. Bd2 c6 6. Nf3 Bg4 7. Bc4 e6 8. Nd5 Qd8 9. Ne3 Bh5 10. Qe2 Nbd7 11. O-O-O Be7 12. g4 Nxg4 13. Nxg4 Bxg4 14. Rhg1 Bh5 15. Qe3 Bg6 16. Bb3 Nf6 17. Ne5 Nd5 18. Qf3 Bf6 19. h4 Bxe5 20. dxe5 Qxh4 21. Bg5 Qe4 22. Qg3 Qf5 23. Rd4 a5 24. a4 b5 25. Bd2 c5 26. Rg4 O-O 27. Rg5 Qe4 28. Rg4 Qf5 29. Rg5 Qe4 30. Re1 Qxe1+ 31. Bxe1 c4 32. Ba2 Rfc8 33. axb5 Rab8 34. Bxa5 Ra8 35. Bc3 Rxa2 36. Kd2 Rd8 37. Ke2 Nxc3+ 38. Qxc3 Ra1 39. Rg4 Rc1 40. Rxc4 Bxc2 41. Ke3 1-0


[Site "https://www.chess.com"]

[Event "Titled Tuesday Blitz May 30 Early 2023"]
[White "Korpics, Zsolt"]
[Black "Tologon tegin, Semetei"]
[WhiteFideId "705241"]
[BlackFideId "13800574"]
[WhiteElo "2363"]
[BlackElo "2247"]
[Result "0-1"]
[Round "07"]
[TimeControl "180+2"]
[Date "2023.05.30"]
[WhiteClock "0:00:00"]
[BlackClock "0:00:55"]

1. e4 c5 2. Nc3 e6 3. Nf3 Nc6 4. d4 cxd4 5. Nxd4 Nf6 6. Ndb5 d6 7. Bf4 e5 8. Bg5 a6 9. Na3 b5 10. Nd5 Be7 11. Bxf6 Bxf6 12. c4 b4 13. Nc2 Bg5 14. g3 O-O 15. Bg2 Rb8 16. Qd3 Be6 17. O-O Qd7 18. f4 Bd8 19. Nde3 f6 20. Rad1 Bc7 21. f5 Bf7 22. c5 Rfd8 23. Nc4 Nd4 24. Nxd4 dxc5 25. Ne6 Bxe6 26. Qxd7 Bxd7 27. Ne3 Bb5 28. Rxd8+ Rxd8 29. Rd1 Rxd1+ 30. Nxd1 c4 31. Kf1 c3+ 32. Ke1 c2 33. Kd2 cxd1=Q+ 34. Kxd1 Bb6 35. h3 Kf7 36. g4 h6 37. Kc2 Bc4 38. b3 Bb5 39. Kb2 Bd4+ 40. Kb1 Ke7 41. a4 bxa3 42. Ka2 Bb2 43. Bf3 Kd6 44. Bd1 Kc5 45. Bc2 Kb4 46. Bb1 a5 47. Bc2 Be8 48. Bd1 Bf7 49. Bc2 a4 50. Kb1 axb3 51. Bd1 Kc3 0-1


[Site "https://www.chess.com"]

[Event "Titled Tuesday Blitz May 30 Early 2023"]
[White "Shvedova, Alexandra"]
[Black "Szente Varga, Fruzsina"]
[WhiteFideId "54154782"]
[BlackFideId "712264"]
[WhiteElo "1973"]
[BlackElo "1994"]
[Result "0-1"]
[Round "07"]
[TimeControl "180+2"]
[Date "2023.05.30"]
[WhiteClock "0:00:00"]
[BlackClock "0:00:15"]

1. Nf3 d5 2. g3 Nf6 3. Bg2 g6 4. O-O Bg7 5. d4 O-O 6. c3 c5 7. dxc5 Nc6 8. b4 Ne4 9. Qb3 Be6 10. Bb2 a5 11. a3 axb4 12. cxb4 d4 13. Qc2 Bf5 14. Qc1 e5 15. Rd1 Qe7 16. Nbd2 Bh6 17. Qc4 Nxd2 18. Nxd2 Rfd8 19. Ne4 Be6 20. Qc2 Bd5 21. Qd3 f5 22. Nd6 Bxg2 23. Kxg2 Bf8 24. Qb3+ Kg7 25. Nb5 h5 26. h4 f4 27. Rf1 Kh7 28. Rad1 Bh6 29. Nd6 Rf8 30. Ne4 Qd7 31. Qf3 Ne7 32. Ng5+ Bxg5 33. hxg5 Nf5 34. Rh1 fxg3 35. Qe4 gxf2 36. Rd3 Ne3+ 37. Rxe3 dxe3 38. Qxe3 Qg4+ 39. Kf1 Rad8 40. Qb3 Qxg5 41. e3 Qg4 42. Bxe5 Rd1+ 0-1


[Site "https://www.chess.com"]

[Event "Titled Tuesday Blitz May 30 Early 2023"]
[White "Avalos Parra, Joao"]
[Black "Lehtosaari, Mauri"]
[WhiteFideId "3402541"]
[BlackFideId "501999"]
[WhiteElo "2173"]
[BlackElo "2531"]
[Result "1-0"]
[Round "07"]
[TimeControl "180+2"]
[Date "2023.05.30"]
[WhiteClock "0:00:12"]
[BlackClock "0:00:02"]

1. d4 d5 2. c4 c6 3. Nf3 Nf6 4. Nc3 dxc4 5. a4 Bf5 6. Ne5 Nbd7 7. Nxc4 Nb6 8. Ne5 a5 9. e3 g6 10. Be2 Bg7 11. O-O O-O 12. Qb3 Be6 13. Qc2 Nbd5 14. Bc4 Nb4 15. Qe2 Bxc4 16. Nxc4 Re8 17. Rd1 Nfd5 18. Ne4 Qc7 19. h3 Nf6 20. Nxf6+ exf6 21. Bd2 Nd5 22. Rac1 f5 23. Qd3 Bf8 24. Qb3 Bb4 25. Bxb4 Nxb4 26. Rd2 Qe7 27. Rcd1 Red8 28. Ne5 Nd5 29. h4 Qb4 30. Qc2 h5 31. e4 fxe4 32. Qxe4 Qe7 33. Rd3 Nf6 34. Qf4 Nd5 35. Qh6 Qf8 36. Qg5 Qe7 37. Qg3 Rf8 38. Re1 Qd6 39. Rf3 Rad8 40. Qg5 Kg7 41. Nc4 Qb4 42. Ne5 Qxe1+ 43. Kh2 Rd6 44. g4 Qe4 45. gxh5 f6 46. Qxg6+ Qxg6 47. Nxg6 Rf7 48. Rg3 Kh6 49. Kg2 f5 50. Ne5 Rg7 51. Rg6+ Rgxg6+ 52. hxg6 Nf4+ 53. Kf3 Nxg6 54. Nf7+ Kh5 55. Nxd6 Kxh4 56. Nxf5+ Kg5 57. Nd6 b6 58. Nc4 b5 59. axb5 cxb5 60. Nxa5 Kf5 61. Nc6 Ke6 62. Ke4 Kd6 63. Ne5 Ne7 64. Nf7+ Ke6 65. Ne5 Kd6 66. f4 Nd5 67. f5 Nf6+ 68. Kf4 Kd5 69. Ng4 Ne8 70. f6 Nd6 71. Ke3 Nf5+ 72. Kd3 Nxd4 73. Ne3+ Ke5 74. Ng4+ Kd5 75. f7 Ne6 76. Nf6+ Kd6 77. Nh7 Ke7 78. f8=Q+ Nxf8 79. Nxf8 Kxf8 80. Kd4 b4 81. Kc4 Ke7 82. Kxb4 Kd6 83. Ka5 Kc6 84. b4 Kc7 85. Ka6 Kc8 86. b5 Kb8 87. Kb6 Ka8 88. Kc7 Ka7 89. b6+ Ka6 90. b7 Ka5 91. b8=Q 1-0


[Site "https://www.chess.com"]

[Event "Titled Tuesday Blitz May 30 Early 2023"]
[White "Fajdetic, Hrvoje"]
[Black "Moral Garcia, Serafin"]
[WhiteFideId "14501945"]
[BlackFideId "2201925"]
[WhiteElo "2185"]
[BlackElo "2274"]
[Result "0-1"]
[Round "07"]
[TimeControl "180+2"]
[Date "2023.05.30"]
[WhiteClock "0:00:00"]
[BlackClock "0:00:16"]

1. d4 Nf6 2. Bf4 c5 3. e3 Qb6 4. Na3 d6 5. Nc4 Qc7 6. a4 Be6 7. Nd2 Nc6 8. c3 g6 9. h3 cxd4 10. exd4 Bg7 11. Ngf3 O-O 12. Be2 Bd7 13. O-O e5 14. dxe5 dxe5 15. Bh2 Be6 16. Nc4 Rad8 17. Qc1 Nd7 18. Ng5 Bd5 19. Ne3 Nc5 20. Nxd5 Rxd5 21. Bc4 Rd7 22. b4 Nd3 23. Qe3 Nf4 24. b5 Na5 25. Ba2 b6 26. Rad1 Rfd8 27. Rxd7 Rxd7 28. Qe4 Bf6 29. Bxf4 exf4 30. Nxf7 Rxf7 31. Qe8+ Kg7 32. Bxf7 Qxf7 33. Qa8 Nc4 34. Rd1 Ne5 35. Qc8 f3 36. g3 Qe7 37. Qb8 Qc5 38. Rd8 Bxd8 39. Qxd8 Qxc3 40. Qc7+ Qxc7 0-1


[Site "https://www.chess.com"]

[Event "Titled Tuesday Blitz May 30 Early 2023"]
[White "hakanazeri2"]
[Black "Sovetbekova, Nurai"]
[BlackFideId "13801910"]
[WhiteElo "2525"]
[BlackElo "1857"]
[Result "0-1"]
[Round "07"]
[TimeControl "180+2"]
[Date "2023.05.30"]
[WhiteClock "0:00:00"]
[BlackClock "0:00:01"]

1. e4 c5 2. Nf3 Nc6 3. d4 cxd4 4. Nxd4 Nf6 5. Nc3 e5 6. Ndb5 d6 7. Bg5 a6 8. Na3 b5 9. Nd5 Be7 10. Bxf6 Bxf6 11. c3 Rb8 12. Nc2 Bg5 13. a4 bxa4 14. Ncb4 Nxb4 15. cxb4 O-O 16. Rxa4 f5 17. exf5 Bxf5 18. Bc4 Kh8 19. Rxa6 Be4 20. O-O Bxd5 21. Qxd5 Rxb4 22. b3 Rb6 23. Ra7 Qf6 24. g3 Rbb8 25. h4 Bh6 26. Kg2 Rbe8 27. Rd7 e4 28. Rxd6 Qf3+ 29. Kg1 Be3 30. fxe3 Qxg3+ 31. Kh1 Qxh4+ 32. Kg2 Qg4+ 33. Kh2 Rf3 34. Rxf3 exf3 35. Qd2 Qh4+ 36. Kg1 Qg3+ 37. Kf1 f2 38. Qxf2 Qxd6 39. Ke2 Rf8 40. Qg2 Qa3 0-1


[Site "https://www.chess.com"]

[Event "Titled Tuesday Blitz May 30 Early 2023"]
[White "Chylewski, Patryk"]
[Black "Bashkansky, Ethan"]
[WhiteFideId "1186191"]
[BlackFideId "2071533"]
[WhiteElo "2163"]
[BlackElo "2334"]
[Result "1-0"]
[Round "07"]
[TimeControl "180+2"]
[Date "2023.05.30"]
[WhiteClock "0:01:34"]
[BlackClock "0:01:17"]

1. e4 c6 2. Nf3 d5 3. d3 dxe4 4. dxe4 Qxd1+ 5. Kxd1 Bg4 6. Be2 Nd7 7. Nfd2 Bxe2+ 8. Kxe2 e6 9. c3 Ngf6 10. f3 Bc5 11. Nc4 b5 12. Na5 Rc8 13. Be3 Bb6 14. Nb3 Ke7 15. a4 a6 16. axb5 axb5 17. Bxb6 Nxb6 18. Ra7+ Nfd7 19. Nd4 g6 20. f4 Rhd8 21. Rd1 f6 22. Nd2 h5 23. N2f3 Nc4 24. b3 Nd6 25. e5 Nf5 26. Nxf5+ gxf5 27. exf6+ Ke8 28. f7+ Ke7 29. f8=Q+ 1-0


[Site "https://www.chess.com"]

[Event "Titled Tuesday Blitz May 30 Early 2023"]
[White "Jaskolka, Tomasz"]
[Black "Vaglio Munoz, Jaime"]
[WhiteFideId "1170791"]
[BlackFideId "6500145"]
[WhiteElo "2155"]
[BlackElo "2199"]
[Result "1-0"]
[Round "07"]
[TimeControl "180+2"]
[Date "2023.05.30"]
[WhiteClock "0:00:08"]
[BlackClock "0:00:04"]

1. d4 c6 2. Nc3 b5 3. e4 b4 4. Nce2 Ba6 5. Nf3 d5 6. e5 e6 7. a3 bxa3 8. Nc3 Bxf1 9. Kxf1 Bb4 10. Qd3 Qa5 11. g3 Ne7 12. Kg2 Qa6 13. Qxa6 Nxa6 14. Bd2 Nc8 15. bxa3 Bxc3 16. Bxc3 Nb6 17. Nd2 c5 18. dxc5 Nxc5 19. Bd4 Rc8 20. Rhc1 Kd7 21. c4 Nd3 22. Rc3 dxc4 23. Bxb6 axb6 24. Nxc4 Ke7 25. Rxd3 Rxc4 26. Rad1 Rc7 27. Rd6 Rb8 28. Rb1 b5 29. Rb3 f6 30. f4 Rc5 31. Rbd3 Rb7 32. exf6+ gxf6 33. Ra6 Rd5 34. Rxd5 exd5 35. Kf3 b4 36. axb4 Rxb4 37. Kg4 d4 38. Kf5 d3 39. Ra7+ Kd6 40. Ra2 Rd4 41. Rd2 Ke7 42. g4 Kf7 43. h4 Ke7 44. h5 h6 45. Kg6 Rxf4 46. Kxh6 Rxg4 47. Rxd3 Ke6 48. Ra3 Rg5 49. Ra6+ Kf7 50. Ra7+ Ke6 51. Rg7 Ra5 52. Kg6 Rg5+ 53. Kh6 Ra5 54. Rg1 f5 55. Kg6 f4 56. Re1+ Kd5 57. h6 f3 58. h7 Ra8 59. Re3 f2 60. Rf3 Ra6+ 61. Kg5 Ke4 62. Rxf2 Ra5+ 63. Kg6 Ra6+ 64. Rf6 Ra8 65. Kg7 Ke5 66. Rf8 Ra7+ 67. Rf7 Ra8 68. h8=Q Ke6 69. Qxa8 Kd6 70. Qa6+ Ke5 71. Qg6 Kd5 72. Rf5+ Ke4 73. Qg4+ Ke3 74. Rf3+ Ke2 75. Qg2+ Ke1 76. Rf1# 1-0


[Site "https://www.chess.com"]

[Event "Titled Tuesday Blitz May 30 Early 2023"]
[White "Olenik Campa, Rudi"]
[Black "Jiganchine, Roman"]
[WhiteFideId "14633264"]
[BlackFideId "2603667"]
[WhiteElo "2249"]
[BlackElo "2317"]
[Result "1-0"]
[Round "07"]
[TimeControl "180+2"]
[Date "2023.05.30"]
[WhiteClock "0:01:21"]
[BlackClock "0:00:00"]

1. e4 c6 2. d4 d5 3. Nc3 dxe4 4. Nxe4 Nf6 5. Qd3 Nxe4 6. Qxe4 Qd5 7. Bd3 Qxe4+ 8. Bxe4 Nd7 9. Nf3 Nf6 10. Bd3 b6 11. O-O Bb7 12. c4 e6 13. Bg5 Be7 14. Rfe1 O-O 15. Rad1 h6 16. Be3 Rfd8 17. Bb1 Rac8 18. Ne5 Nd7 19. Nd3 Bf6 20. Nf4 e5 21. Nh5 Bg5 22. Bxg5 hxg5 23. dxe5 Nxe5 24. b3 f6 25. Bf5 Rb8 26. h3 c5 27. Ng3 Kf7 28. Bc2 g6 29. Be4 Rd4 30. Bxb7 Rxb7 31. Ne2 Rxd1 32. Rxd1 Ke7 33. Nc3 Rd7 34. Nd5+ Ke6 35. Re1 Kf7 36. Re3 Nc6 37. Rf3 Rd6 38. Re3 Ne5 39. Kf1 Rd7 40. a4 Rd6 41. Ke2 Rd7 42. Kd2 Rd6 43. Kc3 Rd7 44. g3 Rd6 45. f4 gxf4 46. gxf4 Nc6 47. h4 Rd7 48. Rh3 Rd6 49. h5 gxh5 50. Rxh5 Kg6 51. Rh8 Kg7 52. Rc8 Nd4 53. Rc7+ Kg6 54. Rxa7 Kf5 55. Re7 Ne6 56. Rb7 1-0


[Site "https://www.chess.com"]

[Event "Titled Tuesday Blitz May 30 Early 2023"]
[White "Senft, Sean"]
[Black "Wang, Ricky"]
[WhiteFideId "2044960"]
[BlackFideId "2071916"]
[WhiteElo "1989"]
[BlackElo "2304"]
[Result "1/2-1/2"]
[Round "07"]
[TimeControl "180+2"]
[Date "2023.05.30"]
[WhiteClock "0:00:21"]
[BlackClock "0:00:12"]

1. d4 Nf6 2. c4 Nc6 3. Nc3 e5 4. Nf3 exd4 5. Nxd4 Bb4 6. Nxc6 bxc6 7. e3 O-O 8. Bd3 d5 9. O-O Bg4 10. Qc2 Bh5 11. Bd2 Bg6 12. Bxg6 hxg6 13. a3 Bd6 14. h3 Be5 15. Rfd1 Re8 16. Ne2 Rb8 17. Bc3 Bxc3 18. Nxc3 Qd6 19. b4 Qe5 20. c5 g5 21. Rd4 a5 22. bxa5 Ra8 23. Qa4 Ra6 24. Rb1 Rea8 25. Rb7 Rxa5 26. Qxc6 Rxa3 27. Nd1 Rc8 28. g3 Qe6 29. Qxe6 fxe6 30. Nb2 Ne4 31. Nd3 Rxd3 32. Rxd3 Nxc5 33. Rdb3 Nxb3 34. Rxb3 c5 35. Kf1 c4 36. Rc3 Kf7 37. Ke2 Ke7 38. Kd2 Kd6 39. Ra3 e5 40. Kc3 Rh8 41. Ra6+ Kc5 42. Ra5+ Kc6 43. Ra6+ Kb5 44. Re6 d4+ 45. exd4 exd4+ 46. Kxd4 Rd8+ 47. Kc3 Rd3+ 48. Kc2 Rf3 49. Rg6 Kb4 50. Rxg7 Rxf2+ 51. Kd1 Rf5 52. h4 gxh4 53. gxh4 Kc3 54. Rg3+ Kd4 55. Rh3 c3 56. h5 Rf7 57. Kc2 Rf2+ 58. Kc1 Rf7 59. Kc2 Rf2+ 60. Kd1 Rf7 61. h6 Rh7 62. Kc2 Ke5 63. Kxc3 Kf6 64. Kd4 Kg6 65. Ke5 Rxh6 66. Rg3+ Kh7 67. Kf5 Rh5+ 68. Kf6 Rh6+ 69. Kf7 Rh4 70. Rg7+ Kh6 71. Rg8 Kh5 72. Kf6 Rf4+ 73. Ke5 Rf7 74. Ke6 Rf2 75. Rh8+ Kg4 76. Ke5 Re2+ 77. Kd4 Rf2 78. Ke4 Kg5 79. Rg8+ Kh4 80. Ke3 Rf7 81. Ke4 Kh5 82. Ke5 Kh6 83. Rg1 Rf2 84. Rh1+ Kg5 85. Rg1+ Kh4 86. Rc1 Kg3 87. Rc8 Kg4 88. Rg8+ Kh5 89. Rh8+ Kg6 90. Rg8+ Kh5 91. Rg1 Rf3 92. Ke4 Rf8 93. Rh1+ Kg4 94. Rg1+ Kh3 95. Rg5 Kh4 96. Rf5 Rxf5 97. Kxf5 1/2-1/2


[Site "https://www.chess.com"]

[Event "Titled Tuesday Blitz May 30 Early 2023"]
[White "Pg, Mohd Omar Ak Hira"]
[Black "Devaev, Alexander"]
[WhiteFideId "10500103"]
[BlackFideId "4169395"]
[WhiteElo "2167"]
[BlackElo "2172"]
[Result "0-1"]
[Round "07"]
[TimeControl "180+2"]
[Date "2023.05.30"]
[WhiteClock "0:00:09"]
[BlackClock "0:01:45"]

1. e4 c6 2. d4 d5 3. Nc3 dxe4 4. Nxe4 Bf5 5. Ng3 Bg6 6. h4 h6 7. Nh3 e6 8. Be3 Nf6 9. Bd3 Bxd3 10. Qxd3 Bd6 11. Ne4 Nxe4 12. Qxe4 Nd7 13. O-O-O Nf6 14. Qf3 Qa5 15. Kb1 Qd5 16. Qxd5 Nxd5 17. Bc1 b5 18. Rhe1 a5 19. Ng1 a4 20. Nf3 b4 21. Nd2 Kd7 22. Nc4 Rhb8 23. g4 a3 24. Rd3 axb2 25. Bxb2 Ra6 26. Rb3 Rba8 27. g5 hxg5 28. hxg5 Rxa2 29. Ne3 Nc3+ 30. Bxc3 bxc3 31. Kc1 Ra1+ 0-1


[Site "https://www.chess.com"]

[Event "Titled Tuesday Blitz May 30 Early 2023"]
[White "Rosenberg, Evan S"]
[Black "Goffredo_Fofi"]
[WhiteFideId "2019299"]
[WhiteElo "2314"]
[BlackElo "2503"]
[Result "1-0"]
[Round "07"]
[TimeControl "180+2"]
[Date "2023.05.30"]
[WhiteClock "0:02:09"]
[BlackClock "0:00:08"]

1. d4 g6 2. e4 Bg7 3. Nc3 c6 4. Be3 d5 5. e5 Nh6 6. f4 f6 7. Qd2 Ng4 8. O-O-O Qa5 9. Nf3 Nxe3 10. Qxe3 O-O 11. h4 b5 12. h5 b4 13. hxg6 bxc3 14. Rxh7 cxb2+ 15. Kb1 Na6 16. a3 Bf5 17. Nh4 Be4 18. f5 fxe5 19. dxe5 Bxe5 20. Qh6 Qxa3 21. Rh8+ 1-0


[Site "https://www.chess.com"]

[Event "Titled Tuesday Blitz May 30 Early 2023"]
[White "Coelho, Ramyres Santana"]
[Black "Garakov, Mikhael"]
[WhiteFideId "2120690"]
[BlackFideId "4169034"]
[WhiteElo "1888"]
[BlackElo "2347"]
[Result "0-1"]
[Round "07"]
[TimeControl "180+2"]
[Date "2023.05.30"]
[WhiteClock "0:00:06"]
[BlackClock "0:00:05"]

1. e4 c5 2. Nf3 e6 3. d4 cxd4 4. c3 d3 5. Bxd3 Nc6 6. O-O d6 7. Qe2 Nf6 8. Rd1 Qc7 9. Bg5 Be7 10. Na3 a6 11. Nc4 b5 12. Ncd2 h6 13. Bh4 Bd7 14. Rac1 O-O 15. Nf1 Qb7 16. h3 Rac8 17. Bb1 Rfe8 18. Bxf6 Bxf6 19. Rxd6 Ne5 20. Nxe5 Bxe5 21. Rd3 b4 22. Rcd1 Bb5 23. Ne3 bxc3 24. bxc3 Rxc3 25. Ng4 Bxd3 26. Bxd3 Bd4 27. Bxa6 Qb6 28. Bb5 Rb8 29. a4 h5 30. Nh2 Rbc8 31. Nf3 Rc2 32. Rd2 Rc1+ 33. Kh2 Qc7+ 34. g3 Be5 35. Rd7 Qc5 36. Qd2 Rc2 37. Rd8+ Rxd8 38. Qxd8+ Kh7 39. Ng5+ Kg6 40. Kh1 Qxf2 41. Be2 Rxe2 42. Qf6+ gxf6 43. Nf3 Qxf3+ 44. Kg1 Qg2# 0-1


[Site "https://www.chess.com"]

[Event "Titled Tuesday Blitz May 30 Early 2023"]
[White "Liu, Casper"]
[Black "rionelG"]
[WhiteFideId "1454153"]
[WhiteElo "2221"]
[BlackElo "2139"]
[Result "1-0"]
[Round "07"]
[TimeControl "180+2"]
[Date "2023.05.30"]
[WhiteClock "0:01:28"]
[BlackClock "0:00:03"]

1. e4 c5 2. Nc3 d6 3. Bc4 a6 4. a4 Nf6 5. f4 e6 6. d3 Be7 7. Nf3 O-O 8. O-O Nc6 9. Qe1 Rb8 10. Bb3 b5 11. axb5 axb5 12. h3 Na5 13. Ba2 b4 14. Ne2 b3 15. Bd2 Ra8 16. Bxa5 Rxa5 17. Bxb3 Rxa1 18. Qxa1 Qb6 19. Kh2 Bb7 20. Nd2 Ra8 21. Qe1 Nd7 22. Nc3 Bf6 23. f5 Nf8 24. fxe6 fxe6 25. Nc4 Qc7 26. Qg3 Ng6 27. Nb5 Qd7 28. Nbxd6 Ba6 29. Kh1 Rd8 30. Nf5 Kh8 31. Ncd6 exf5 32. Nf7+ Qxf7 33. Bxf7 Be5 34. Qg5 Bf6 35. Qxf5 Bc8 36. Qxc5 Ne5 1-0


[Site "https://www.chess.com"]

[Event "Titled Tuesday Blitz May 30 Early 2023"]
[White "Samaganova, Aleksandra"]
[Black "Samunenkov, Ihor"]
[WhiteFideId "13800221"]
[BlackFideId "14187086"]
[WhiteElo "1858"]
[BlackElo "2457"]
[Result "0-1"]
[Round "07"]
[TimeControl "180+2"]
[Date "2023.05.30"]
[WhiteClock "0:00:05"]
[BlackClock "0:00:47"]

1. c4 c5 2. Nf3 Nf6 3. e3 Nc6 4. Nc3 e5 5. Be2 d5 6. cxd5 Nxd5 7. O-O Be7 8. d4 exd4 9. exd4 O-O 10. h3 Bf6 11. Nxd5 Qxd5 12. dxc5 Qxc5 13. Qa4 Re8 14. Be3 Rxe3 15. fxe3 Qxe3+ 16. Rf2 Nd4 17. Bc4 Nxf3+ 18. gxf3 Bxh3 19. Qb3 Qxb3 20. Bxb3 Bd4 21. Rd1 Bxf2+ 22. Kxf2 Kf8 23. Rc1 Rc8 24. Rh1 Bf5 25. Ke3 Ke7 26. Kf4 Kf6 27. Rd1 g5+ 28. Kg3 h5 29. Rd6+ Ke7 30. Rd5 h4+ 31. Kf2 Kf6 32. Rd6+ Be6 33. Ke3 Ke5 34. Rd4 Bxb3 35. axb3 h3 36. Re4+ Kf5 37. Kf2 Rc2+ 38. Kg3 h2 39. Re1 Rxb2 40. Rc1 a5 0-1


[Site "https://www.chess.com"]

[Event "Titled Tuesday Blitz May 30 Early 2023"]
[White "Romkachess"]
[Black "Fernandez Garcia, Gumersindo"]
[BlackFideId "24516740"]
[WhiteElo "2555"]
[BlackElo "2093"]
[Result "0-1"]
[Round "07"]
[TimeControl "180+2"]
[Date "2023.05.30"]
[WhiteClock "0:00:02"]
[BlackClock "0:00:04"]

1. e4 c5 2. Nf3 g6 3. h4 h6 4. d4 cxd4 5. Qxd4 Nf6 6. e5 Nc6 7. Qa4 Nd5 8. Qb3 Nc7 9. Bc4 Ne6 10. Bxe6 dxe6 11. Nc3 Bg7 12. Bf4 O-O 13. O-O Qc7 14. Rae1 a6 15. Ne4 b5 16. Qe3 Kh7 17. c3 Bb7 18. Nc5 Rad8 19. Rd1 Na5 20. Nxb7 Qxb7 21. b3 Rd5 22. Rd4 Rfd8 23. Rfd1 Nc6 24. Rxd5 Rxd5 25. Rxd5 exd5 26. e6 f5 27. Qd3 Nd8 28. h5 Bf6 29. hxg6+ Kxg6 30. Nd4 Bxd4 31. Qg3+ Kh7 32. cxd4 Qc6 33. Bc7 Nxe6 34. Be5 Qe8 35. Qf3 Qf7 36. Qxd5 Ng5 37. Qa8 Qe6 38. Qf8 Qf7 39. Qa8 Qe6 40. Qh8+ Kg6 41. Qg7+ Kh5 42. f3 Nf7 43. Kh2 Nxe5 44. dxe5 f4 45. Qh8 Qg6 46. Kh1 Kh4 47. Qf8 Kg3 48. Qxe7 Qb1# 0-1


[Site "https://www.chess.com"]